 Dungeon Crawl Stone Soup version 0.23-a0-582-g1b4a0ca2fb (webtiles) character file.

3276 Maize the Cleaver (level 9, -2/83 HPs)
             Began as a Minotaur Fighter on Dec 16, 2018.
             Was an Elder of Okawaru.
             Slain by Harold
             ... wielding a +0 scimitar
              (12 damage)
             ... on level 8 of the Dungeon.
             The game lasted 00:12:47 (6303 turns).

Maize the Cleaver (Minotaur Fighter)                Turns: 6303, Time: 00:12:47

Health: -2/83      AC: 12    Str: 24    XL:     9   Next: 68%
Magic:  8/8        EV:  8    Int:  5    God:    Okawaru [****..]
Gold:   463        SH:  0    Dex: 10    Spells: 8/8 levels left

rFire    . . .     SeeInvis .   g - +4 war axe
rCold    . . .     Gourm    .   (no shield)
rNeg     . . .     Faith    .   c - +0 chain mail
rPois    +         Spirit   .   (helmet restricted)
rElec    .         Reflect  .   b - +0 cloak
rCorr    .         Harm     .   (no gloves)
MR       +....                  (no boots)
Stlth    ..........             (no amulet)
HPRegen  0.23/turn              a - ring of poison resistance
MPRegen  0.11/turn              k - ring of protection from magic

@: no status effects
A: retaliatory headbutt, horns 2
a: Heroism, Renounce Religion


You were on level 8 of the Dungeon.
You worshipped Okawaru.
Okawaru was greatly pleased with you.
You were hungry.

You visited 1 branch of the dungeon, and saw 9 of its levels.

You collected 463 gold pieces.

Inventory:

Hand Weapons
 g - a +4 war axe (weapon)
Armour
 b - a +0 cloak (worn)
 c - a +0 chain mail (worn)
Jewellery
 a - a ring of poison resistance (left hand)
 k - a ring of protection from magic (right hand)
 F - an uncursed ring of fire
Wands
 t - a wand of polymorph (7)
 y - a wand of iceblast (5)
 z - a wand of flame (13)
 H - a wand of scattershot (4)
Scrolls
 e - 6 scrolls of remove curse
 j - 3 scrolls of enchant weapon
 m - 2 scrolls of fog
 q - a scroll of amnesia
 r - 5 scrolls of teleportation
 s - 3 scrolls of random uselessness {unknown}
 v - a scroll of enchant armour {unknown}
 w - a scroll of noise {unknown}
 A - a scroll of immolation {unknown}
 C - a scroll of silence {unknown}
 D - 2 scrolls of magic mapping
 E - a scroll of fear {unknown}
Potions
 d - 2 potions of might
 h - a potion of agility
 i - 3 potions of ambrosia
 l - 4 potions of curing
 n - 3 potions of lignification {unknown}
 o - a potion of mutation {unknown}
 p - 2 potions of brilliance {unknown}
 u - a potion of flight {unknown}
 x - a potion of resistance {unknown}
 B - 3 potions of heal wounds {unknown}
 G - a potion of haste {unknown}
Comestibles
 f - 12 rations


   Skills:
 + Level 9.0 Fighting
 * Level 11.7 Axes
 + Level 9.0 Armour
   Level 3.6 Shields


You had 8 spell levels left.
You didn't know any spells.
Your spell library contained the following spells:

 Spells                   Type           Power        Failure   Level  Hunger
 Sting                    Conj/Pois      #...         96%         1    ##.....
 Poisonous Vapours        Pois/Air       #.....       99%         2    ###....
 Mephitic Cloud           Conj/Pois/Air  #.......     100%        3    ####...
 Olgreb's Toxic Radiance  Pois           #.......     100%        4    #####..
 Venom Bolt               Conj/Pois      #.........   100%        5    ######.


Dungeon Overview and Level Annotations

Branches:
Dungeon (9/15)             Temple (0/1) D:4            Lair (0/6) D:8
    Orc: D:9-12

Altars:
Elyvilon
Fedhas
Hepliaklqana
Kikubaaqudgha
Makhleb
Nemelex Xobeh
Okawaru
Ru
Uskayaw
Wu Jian
Yredelemnul
The Shining One

Annotations:
D:8 Harold


Innate Abilities, Weirdness & Mutations

You reflexively headbutt those who attack you in melee.
You have a pair of horns on your head.


Message History

Harold hits you with a +0 scimitar!
You closely miss Harold.
Harold is heavily wounded.
Harold hits you with a +0 scimitar.
You slash Harold! You headbutt Harold, but do no damage.
Harold is severely wounded.
Harold hits you with a +0 scimitar!
* * * LOW HITPOINT WARNING * * *
You slash Harold!
Harold is almost dead.
You hit Harold but do no damage. You headbutt Harold.
Harold is almost dead.
You hit the crocodile. Harold hits you with a +0 scimitar!
* * * LOW HITPOINT WARNING * * *
The crocodile bites you!
* * * LOW HITPOINT WARNING * * *
You closely miss the crocodile. You headbutt the crocodile.
The crocodile is lightly wounded.
You hit Harold but do no damage. Harold hits you with a +0 scimitar!
You die... ..P....PPPPPP. #.....PPPP.P.P #..PPP.PP.PP.P

#.P.P.....PPP.
#...PPP.PP.>.P
#...PPPP.P)PP.
#.####.P..P†.P.PPP.
#...@t...†P.PPtP..P
......†.@..P.†PP...PP.
####.##..#P....P...PP.
# #..###..P.P.PP.P
#..# #.......P.. #..#
#####..P.P. #..#
###..# #..# #.#


You could see Harold and a crocodile.

Vanquished Creatures
  The ghost of hemabe the Covered, a novice HuAr of Trog (D:7)
  6 porcupines
  Duvessa (D:4)
  An ice beast (D:7)
  An orc warrior (D:7)
  An ogre (D:7)
  2 centaurs
  2 bullfrogs
  A gnoll sergeant (D:6)
  A wyvern skeleton (D:6)
  Dowan (D:4)
  2 scorpions (D:5)
  7 wights (D:7)
  2 crimson imps
  A centaur zombie (D:5)
  A bullfrog zombie (D:9)
  4 hounds
  A centaur skeleton (D:7)
  2 orc priests (D:7)
  2 orc wizards
  A bullfrog skeleton (D:5)
  6 worker ants
  A hound skeleton (D:5)
  14 gnolls
  8 adders
  2 adder zombies
  An adder skeleton (D:4)
  5 worms
  3 dart slugs (D:1)
  7 leopard geckos
  15 orcs
  2 ball pythons
  7 bats
  A giant cockroach (D:5)
  6 hobgoblins
  16 jackals
  6 quokkas
  6 frilled lizards
  11 goblins
  7 kobolds
  2 leopard gecko skeletons
  2 quokka zombies
  9 rats
  A fungus (D:8)
179 creatures vanquished.

Vanquished Creatures (others)
  4 fungi (D:8)
  2 plants (D:8)
6 creatures vanquished.

Grand Total: 185 creatures vanquished

Notes
Turn   | Place    | Note
-------+----------+-------------------------------------------
     0 | D:1      | Maize the Minotaur Fighter began the quest for the Orb.
     0 | D:1      | Reached XP level 1. HP: 19/19 MP: 0/0
    36 | D:1      | Reached skill level 3 in Axes
    36 | D:1      | Reached XP level 2. HP: 26/27 MP: 1/1
   309 | D:1      | Reached XP level 3. HP: 33/33 MP: 2/2
   680 | D:2      | Found a sparkling altar of Nemelex Xobeh.
   681 | D:2      | Noticed a bullfrog
   690 | D:2      | Killed a bullfrog
   690 | D:2      | Reached skill level 4 in Axes
   690 | D:2      | Reached XP level 4. HP: 10/41 MP: 3/3
  1251 | D:2      | Found a basalt altar of Yredelemnul.
  1513 | D:2      | Reached XP level 5. HP: 47/47 MP: 4/4
  1526 | D:2      | Reached skill level 5 in Axes
  1924 | D:2      | Found an ancient bone altar of Kikubaaqudgha.
  2080 | D:2      | Found a white marble altar of Elyvilon.
  2080 | D:2      | Found an iron altar of Okawaru.
  2176 | D:2      | Became a worshipper of Warmaster Okawaru
  2286 | D:3      | Reached skill level 5 in Fighting
  2286 | D:3      | Reached skill level 5 in Armour
  2512 | D:3      | Reached XP level 6. HP: 56/56 MP: 5/5
  2659 | D:4      | Noticed Dowan
  2660 | D:4      | Noticed Duvessa
  2675 | D:4      | Killed Duvessa
  2675 | D:4      | Reached skill level 6 in Axes
  2692 | D:4      | Reached * piety under Okawaru
  2697 | D:4      | Killed Dowan
  2866 | D:4      | Reached XP level 7. HP: 61/62 MP: 6/6
  2966 | D:4      | Found a glowing golden altar of the Shining One.
  3002 | D:4      | Found a staircase to the Ecumenical Temple.
  3323 | D:5      | Entered Level 5 of the Dungeon
  3332 | D:5      | Reached skill level 7 in Axes
  3417 | D:5      | Found a burning altar of Makhleb.
  3600 | D:5      | Found a hide-covered altar of Uskayaw.
  3600 | D:5      | Noticed a +0 hand axe
  3600 | D:5      | Noticed a +0 dagger
  3723 | D:5      | Found an ornate altar of the Wu Jian Council.
  3926 | D:5      | Reached skill level 8 in Axes
  4102 | D:6      | Found a blossoming altar of Fedhas.
  4246 | D:6      | Reached XP level 8. HP: 61/71 MP: 7/7
  4370 | D:6      | Reached ** piety under Okawaru
  4527 | D:6      | Found a hazy altar of Hepliaklqana.
  4589 | D:6      | Found a sacrificial altar of Ru.
  4733 | D:6      | Reached skill level 9 in Axes
  5385 | D:7      | Found a large runed door.
  5396 | D:7      | Found a large runed door.
  5398 | D:7      | Noticed hemabe's ghost (novice HuAr)
  5415 | D:7      | Killed hemabe's ghost
  5415 | D:7      | Reached *** piety under Okawaru
  5415 | D:7      | Reached skill level 10 in Axes
  5415 | D:7      | Reached XP level 9. HP: 64/81 MP: 8/8
  5806 | D:7      | Reached skill level 11 in Axes
  6107 | D:8      | Found a staircase to the Lair.
  6107 | D:8      | Noticed Harold
  6111 | D:8      | Reached **** piety under Okawaru
  6303 | D:8      | Slain by Harold

Vault maps used:
D:1:      dpeg_arrival_pits, minivault_24
D:2:      nemelex_xobeh_ov_fountains_minmay, gammafunk_temple_overflow_wave,
          lemuel_crystal_altar, lemuel_coloured_pillars_altar, first_ration,
          minmay_between
D:3:      cheibrodos_old_hovel
D:4:      tso_metal_star, minmay_temple_entry_waves, uniq_duvessa
D:5:      kennysheep_mini, dancing_weapons_uskayaw, marbit_many_paths,
          minmay_crystal_water
D:6:      lemuel_round_altar, kennysheep_little_box, lemuel_round_altar,
          chequers_decorated_corner
D:7:      ebering_ghost_disaster_area, kennysheep_generic_room_10
D:8:      gammafunk_temple_overflow_arena, due_lair_maze_entry_diamond,
          uniq_grum, uniq_harold
D:9:      uniq_pikel, uniq_erolcha

Skill      XL: |  1  2  3  4  5  6  7  8  9 |
---------------+----------------------------+-----
Axes           | 3 4 5 6 8 10 11 | 11.7
Fighting       | 4 5 6 8 9 |  9.0
Armour         | 4 5 6 8 9 |  9.0
Shields        | |  3.6

Action                   |  1- 3 |  4- 6 |  7- 9 || total
-------------------------+-------+-------+-------++-------
Melee: War axe           |    60 |   139 |   258 ||   457
       Headbutt          |     8 |    22 |    43 ||    73
       Punch             |       |       |     1 ||     1
Invok: Heroism           |       |       |     1 ||     1
  Use: Scroll            |       |     1 |     8 ||     9
  Eat: Chunk             |       |     6 |    11 ||    17
Armor: Scale mail        |    35 |       |       ||    35
       Chain mail        |     4 |   111 |   120 ||   235
Dodge: Dodged            |    38 |    66 |    88 ||   192

Table legend:
 A = Non-vault XP
 B = Vault XP
 C = Vault XP percentage of total XP
 D = Non-vault monster count
 E = Vault monster count
 F = Vault count percentage of total count
                 A         B        C        D         E       F
            +---------+---------+-------+---------+---------+-------
      Total |    2835 |    1846 |  39.4 |     163 |      15 |   8.4
            +---------+---------+-------+---------+---------+-------
        D:1 |      45 |       0 |   0.0 |      26 |       0 |   0.0
        D:2 |     224 |       8 |   3.4 |      24 |       5 |  17.2
        D:3 |     102 |       3 |   2.9 |      25 |       1 |   3.8
        D:4 |     186 |     215 |  53.6 |      19 |       2 |   9.5
        D:5 |     509 |       0 |   0.0 |      19 |       0 |   0.0
        D:6 |     608 |       0 |   0.0 |      24 |       0 |   0.0
        D:7 |    1064 |     757 |  41.6 |      21 |       1 |   4.5
        D:8 |      54 |     708 |  92.9 |       4 |       5 |  55.6
        D:9 |      43 |     155 |  78.3 |       1 |       1 |  50.0
            +---------+---------+-------+---------+---------+-------
